Ducks vs Red Wings (R1)

Created - January 21, 2025 at 20:15

Goals
1 2 3 T
Ducks 1 0 1 2
Red Wings 2 1 1 4
Shots
1 2 3 T
Ducks 16 9 3 28
Red Wings 11 9 9 29

1st period

1. Red Wings , Dylan Larkin 11 (Connor Brown 17, Brendan Lemieux 18) at 16:34
2. Red Wings , David Backes 12 (Danton Heinen 18) at 18:26
3. Ducks , Kevin Shattenkirk 7 (Johnny Gaudreau 20, Cody Eakin 17) at 19:17 (PP)

Penalties :
Philip Samuelsson (Det) for Interference (Minor) at 0:25, Drew Fata (Det) for Hooking (Minor) at 7:03, T.J. Hensick (Det) for Interference (Minor) at 19:13

2nd period

4. Red Wings , Tye McGinn 9 (Jake Virtanen 14) at 18:42

Penalties :
Brendan Lemieux (Det) for Tripping (Minor) at 4:01, Charlie Coyle (Det) for Tripping (Minor) at 9:44, Johnny Gaudreau (Ana) for Roughing (Minor) at 9:55

3rd period

5. Ducks , Marcus Kruger 13 (Kevin Shattenkirk 24, Noah Hanifin 4) at 10:28 (PP)
6. Red Wings , Dylan Larkin 12 (Connor Brown 18, Brendan Lemieux 19) at 15:14

Penalties :
Tye McGinn (Det) for Interference (Minor) at 4:39, Danton Heinen (Det) for Hooking (Minor) at 9:58, Cody Eakin (Ana) for Cross-checking (Minor) at 15:59

Goalie Stats

Michal Neuvirth (Ana), 25 saves from 29 shots - (0.862), L, 11-10-3, 60:00 minutes
Alexandar Georgiev (Det), 26 saves from 28 shots - (0.929), W, 16-10-2, 60:00 minutes

Players Stats for Ducks

Player Name              G  A  P  +/- PIM S  H  SB GA TA FO     MP     PP MP  PK MP  
------------------------------------------------------------------------------------
Brian Dumoulin           0  0  0   0  0   2  3  1  1  2  0/0    24:32   3:25   0:55 
Carter Verhaeghe         0  0  0   0  0   1  1  0  0  1  0/0    14:47   3:54   0:00 
Chris Bigras             0  0  0  -3  0   0  1  0  0  0  0/0    15:39   0:00   0:20 
Cody Eakin               0  1  1  -2  2   5  0  0  1  1  9/23   19:55   4:39   0:04 
Jesse Puljujarvi         0  0  0  -2  0   1  2  0  0  1  1/3    19:38   4:43   0:00 
Jimmy Vesey              0  0  0  -1  0   2  1  0  1  0  0/0    16:03   0:00   0:52 
Johnny Gaudreau          0  1  1  -2  2   0  1  0  2  0  1/2    21:02   4:46   0:59 
Justin Schultz           0  0  0  -1  0   1  0  0  0  0  0/0    15:37   3:25   0:44 
Kevin Shattenkirk        1  1  2   0  0   4  2  2  1  0  0/0    27:24   5:16   0:00 
Kris Versteeg            0  0  0  -1  0   2  2  0  2  0  0/2    14:50   0:04   0:00 
Kyle Okposo              0  0  0  -1  0   1  0  0  0  0  0/0     7:01   0:00   0:00 
Marcus Kruger            1  0  1   0  0   2  1  2  0  0  0/0    13:20   3:54   0:00 
Mike Richards            0  0  0   0  0   1  0  0  0  0  1/5    12:28   0:08   1:04 
Nikita Zaitsev           0  0  0  -3  0   0  2  0  2  0  0/0    15:58   0:00   0:55 
Noah Hanifin             0  1  1  -1  0   2  0  0  0  1  0/0    20:50   5:16   1:26 
Sam Gagner               0  0  0  -1  0   1  1  0  1  0  0/0     9:09   0:00   0:19 
Tomas Nosek              0  0  0  -1  0   2  1  0  1  1  9/22   18:51   3:54   0:12 
Travis Zajac             0  0  0  -1  0   1  0  1  0  0  3/8     8:56   0:00   0:50 

Players Stats for Red Wings

Player Name              G  A  P  +/- PIM S  H  SB GA TA FO     MP     PP MP  PK MP  
------------------------------------------------------------------------------------
Brendan Lemieux          0  2  2   2  2   3  3  0  0  0  0/1    15:09   1:00   0:34 
Carson Mcmillan          0  0  0   0  0   1  0  0  0  0  0/0    12:42   0:00   4:46 
Charlie Coyle            0  0  0   1  2   1  0  0  0  0  13/21  17:48   1:06   0:30 
Colton Parayko           0  0  0   1  0   1  2  1  0  1  0/0    26:32   1:32   3:43 
Connor Brown             0  2  2   2  0   1  2  0  0  0  0/0    16:59   1:15   0:00 
Danton Heinen            0  1  1   1  2   0  2  0  1  0  2/2    15:52   0:55   0:24 
David Backes             1  0  1   1  0   6  1  0  1  0  1/1    15:56   0:55   0:00 
Drew Fata                0  0  0   2  2   1  3  1  0  0  0/0    16:13   0:00   2:52 
Dylan Larkin             2  0  2   2  0   5  0  0  1  0  8/15   16:43   1:15   0:00 
Ivan Provorov            0  0  0   1  0   1  1  1  0  2  0/0    15:13   0:38   0:00 
Jake Virtanen            0  1  1   1  0   3  1  0  0  1  2/2    11:09   0:38   0:00 
Lucas Lessio             0  0  0   0  0   0  0  0  0  3  0/2     7:10   0:00   1:06 
Marco Scandella          0  0  0   1  0   0  2  1  1  1  0/0    19:48   0:11   4:58 
Max Reinhart             0  0  0   0  0   0  0  1  0  0  4/6     9:08   0:00   2:52 
Philip Samuelsson        0  0  0   1  2   1  0  0  0  2  0/0    23:57   1:21   0:51 
Roland McKeown           0  0  0   2  0   0  1  0  1  2  0/0    18:15   0:00   4:58 
T.J. Hensick             0  0  0   1  2   2  0  0  2  0  11/15  17:07   0:00   4:51 
Tye McGinn               1  0  1   1  2   3  1  0  0  0  0/0    13:43   0:04   2:19 

3 Stars

1 - Dylan Larkin (Det)
2 - Connor Brown (Det)
3 - Brendan Lemieux (Det)

Power Play

Ducks - 2 on 7 Attempt(s) - 28.57%
Red Wings - 0 on 2 Attempt(s) - 0.00%

Penalty Kill

Ducks - 2 on 2 Attempt(s) - 100.00% - Score 0 goal in Penalty Kill
Red Wings - 5 on 7 Attempt(s) - 71.43% - Score 0 goal in Penalty Kill

Team Stat

Ducks - Hits : 18 - Faceoff Wins : 24 - Blocked Shots : 6 - Penalty Minutes : 4
Red Wings - Hits : 19 - Faceoff Wins : 41 - Blocked Shots : 5 - Penalty Minutes : 14

Official

Referees : Tom Chmielewski and Reid Anderson
Linesman : Greg Devorski and Shandor Alphonso

Game Notes

No Game Note

Finance

Level 1 -- Attendance: 5515 (91.92%) -- Ticket Income $551,500
Level 2 -- Attendance: 5000 (100.00%) -- Ticket Income $350,000
Level 3 -- Attendance: 2000 (100.00%) -- Ticket Income $80,000
Level 4 -- Attendance: 4000 (100.00%) -- Ticket Income $120,000
Luxury Box -- Attendance: 1000 (100.00%) -- Ticket Income $200,000
Game was played at the Little Caesars arena.
Total Attendance: 17515 (97.31%)
Total Ticket Income: $1,301,500
Other Income: $195,225
Total Income: $1,496,725

Ducks

5 vs 5 Forward 
   Center                   Left Wing                Right Wing               Time % Phy DF OF 
 1 Cody Eakin               Johnny Gaudreau          Jesse Puljujarvi         35     0   2  3  
 2 Tomas Nosek              Jimmy Vesey              Kris Versteeg            35     0   2  3  
 3 Mike Richards            Carter Verhaeghe         Marcus Kruger            20     0   2  3  
 4 Travis Zajac             Sam Gagner               Kyle Okposo              10     0   2  3  

5 vs 5 Defense 
   Defense                  Defense                                           Time % Phy DF OF 
 1 Kevin Shattenkirk        Brian Dumoulin                                    40     0   2  3  
 2 Noah Hanifin             Justin Schultz                                    30     3   1  1  
 3 Nikita Zaitsev           Chris Bigras                                      20     3   1  1  
 4 Kevin Shattenkirk        Noah Hanifin                                      10     4   1  0  

PowerPlay Forward 
   Center                   Left Wing                Right Wing               Time % Phy DF OF 
 1 Cody Eakin               Johnny Gaudreau          Jesse Puljujarvi         60     0   1  4  
 2 Tomas Nosek              Carter Verhaeghe         Marcus Kruger            40     0   1  4  

PowerPlay Defense
   Defense                  Defense                                           Time % Phy DF OF 
 1 Kevin Shattenkirk        Noah Hanifin                                      60     0   1  4  
 2 Brian Dumoulin           Justin Schultz                                    40     0   1  4  

Penalty Kill 4 Players Forward 
   Center                   Wing                     Time % Phy DF OF 
 1 Mike Richards            Johnny Gaudreau          60     1   2  2  
 2 Travis Zajac             Sam Gagner               40     1   2  2  

Penalty Kill 4 Players Defense
   Defense                  Defense                  Time % Phy DF OF 
 1 Brian Dumoulin           Noah Hanifin             60     1   2  2  
 2 Justin Schultz           Nikita Zaitsev           40     1   2  2  

Penalty Kill - 3 Players Forward 
   Forward                                           Time % Phy DF OF 
 1 Cody Eakin                                        60     0   3  2  
 2 Mike Richards                                     40     0   3  2  

Penalty Kill - 3 Players Defense
   Defense                  Defense                  Time % Phy DF OF 
 1 Kevin Shattenkirk        Chris Bigras             60     0   3  2  
 2 Justin Schultz           Nikita Zaitsev           40     0   3  2  

4 vs 4 Forward 
   Center                   Wing                     Time % Phy DF OF 
 1 Travis Zajac             Johnny Gaudreau          60     0   2  3  
 2 Mike Richards            Jimmy Vesey              40     0   2  3  

4 vs 4 Defense
   Defense                  Defense                  Time % Phy DF OF 
 1 Kevin Shattenkirk        Chris Bigras             60     0   2  3  
 2 Nikita Zaitsev           Noah Hanifin             40     0   2  3  

Last Minutes Offensive
   Center                   Left Wing                Right Wing               Defense                  Defense                  
   Cody Eakin               Johnny Gaudreau          Marcus Kruger            Kevin Shattenkirk        Noah Hanifin             

Last Minutes Defensive
   Center                   Left Wing                Right Wing               Defense                  Defense                  
   Cody Eakin               Johnny Gaudreau          Kris Versteeg            Brian Dumoulin           Noah Hanifin             

Goaltenders
Starting : Michal Neuvirth          
Backup : Marek Mazanek            

Extra Forwards
Normal : Cody Eakin, Carter Verhaeghe, Jesse Puljujarvi - PP : Cody Eakin, Carter Verhaeghe - PK : Cody Eakin
Extra Defensemen
Normal : Justin Schultz, Noah Hanifin, Brian Dumoulin - PP : Noah Hanifin - PK : Noah Hanifin, Nikita Zaitsev
Penalty Shots
Johnny Gaudreau, Jimmy Vesey, Sam Gagner, Marcus Kruger, Cody Eakin
Custom OT Lines Forwards
Johnny Gaudreau, Jimmy Vesey, Sam Gagner, Marcus Kruger, Cody Eakin, Carter Verhaeghe, Mike Richards, Kris Versteeg, Travis Zajac, Kyle Okposo
Custom OT Lines Defensemen
Kevin Shattenkirk, Noah Hanifin, Justin Schultz, Chris Bigras, Brian Dumoulin

Scratches
Brandon Pirri (Healthy), Viktor Loov (Healthy)

Red Wings

5 vs 5 Forward 
   Center                   Left Wing                Right Wing               Time % Phy DF OF 
 1 Dylan Larkin             Brendan Lemieux          Connor Brown             35     1   2  2  
 2 Charlie Coyle            Danton Heinen            David Backes             35     1   2  2  
 3 T.J. Hensick             Tye McGinn               Jake Virtanen            20     1   2  2  
 4 Max Reinhart             Lucas Lessio             Carson Mcmillan          10     1   2  2  

5 vs 5 Defense 
   Defense                  Defense                                           Time % Phy DF OF 
 1 Philip Samuelsson        Colton Parayko                                    40     1   2  2  
 2 Marco Scandella          Ivan Provorov                                     30     1   2  2  
 3 Drew Fata                Roland McKeown                                    20     1   2  2  
 4 Drew Fata                Roland McKeown                                    10     1   2  2  

PowerPlay Forward 
   Center                   Left Wing                Right Wing               Time % Phy DF OF 
 1 Dylan Larkin             Brendan Lemieux          Connor Brown             60     1   2  2  
 2 Charlie Coyle            Danton Heinen            David Backes             40     1   2  2  

PowerPlay Defense
   Defense                  Defense                                           Time % Phy DF OF 
 1 Philip Samuelsson        Colton Parayko                                    60     1   2  2  
 2 Ivan Provorov            Jake Virtanen                                     40     1   2  2  

Penalty Kill 4 Players Forward 
   Center                   Wing                     Time % Phy DF OF 
 1 T.J. Hensick             Carson Mcmillan          60     1   2  2  
 2 Max Reinhart             Tye McGinn               40     1   2  2  

Penalty Kill 4 Players Defense
   Defense                  Defense                  Time % Phy DF OF 
 1 Marco Scandella          Roland McKeown           60     1   2  2  
 2 Colton Parayko           Drew Fata                40     1   2  2  

Penalty Kill - 3 Players Forward 
   Forward                                           Time % Phy DF OF 
 1 Carson Mcmillan                                   60     1   2  2  
 2 Max Reinhart                                      40     1   2  2  

Penalty Kill - 3 Players Defense
   Defense                  Defense                  Time % Phy DF OF 
 1 Marco Scandella          Roland McKeown           60     1   2  2  
 2 Drew Fata                Colton Parayko           40     1   2  2  

4 vs 4 Forward 
   Center                   Wing                     Time % Phy DF OF 
 1 Dylan Larkin             Connor Brown             60     1   2  2  
 2 Charlie Coyle            Brendan Lemieux          40     1   2  2  

4 vs 4 Defense
   Defense                  Defense                  Time % Phy DF OF 
 1 Ivan Provorov            Philip Samuelsson        60     1   2  2  
 2 Colton Parayko           Marco Scandella          40     1   2  2  

Last Minutes Offensive
   Center                   Left Wing                Right Wing               Defense                  Defense                  
   Dylan Larkin             Brendan Lemieux          Connor Brown             Colton Parayko           Philip Samuelsson        

Last Minutes Defensive
   Center                   Left Wing                Right Wing               Defense                  Defense                  
   T.J. Hensick             Tye McGinn               Carson Mcmillan          Colton Parayko           Roland McKeown           

Goaltenders
Starting : Alexandar Georgiev       
Backup : Frederik Andersen        

Extra Forwards
Normal : David Backes, T.J. Hensick, Tye McGinn - PP : Tye McGinn, Max Reinhart - PK : Lucas Lessio
Extra Defensemen
Normal : Roland McKeown, Philip Samuelsson, Marco Scandella - PP : Marco Scandella - PK : Philip Samuelsson, Ivan Provorov
Penalty Shots
Dylan Larkin, Carson Mcmillan, Charlie Coyle, Max Reinhart, Connor Brown
Custom OT Lines Forwards
Dylan Larkin, Connor Brown, Brendan Lemieux, Charlie Coyle, Danton Heinen, David Backes, Jake Virtanen, Carson Mcmillan, Max Reinhart, T.J. Hensick
Custom OT Lines Defensemen
Colton Parayko, Philip Samuelsson, Ivan Provorov, Roland McKeown, Marco Scandella

Scratches
Brendan Woods (Healthy), Martin Marincin (Healthy)

% Time on Ice - Ducks

Lines # - Real PCT - Wanted PCT - Time Play
Normal Forward
1 - 35% - 35% - 16:29
2 - 30% - 35% - 14:25
3 - 20% - 20% - 9:26
4 - 15% - 10% - 7:01
Normal Defense
1 - 39% - 40% - 18:30
2 - 28% - 30% - 13:03
3 - 27% - 20% - 12:48
4 - 6% - 10% - 3:00
PP Forward
1 - 55% - 60% - 4:47
2 - 45% - 40% - 3:54
PP Defense
1 - 61% - 60% - 5:16
2 - 39% - 40% - 3:25
PK Forward
1 - 95% - 60% - 2:03
2 - 5% - 40% - 0:07
PK Defense
1 - 58% - 60% - 1:15
2 - 42% - 40% - 0:55
PK3 Forward
1 - 0% - 60%
2 - 0% - 40%
PK3 Defense
1 - 0% - 60%
2 - 0% - 40%
44 Forward
1 - 100% - 60% - 1:48
2 - 0% - 40% - 0:00
44 Defense
1 - 63% - 60% - 1:08
2 - 37% - 40% - 0:40
Last Minute Offensive  - 0:00
Last Minute Defensive  - 0:00
Total
Forward - 60:00
Defense - 60:00

% Time on Ice - Red Wings

Lines # - Real PCT - Wanted PCT - Time Play
Normal Forward
1 - 33% - 35% - 15:40
2 - 33% - 35% - 15:42
3 - 21% - 20% - 9:55
4 - 13% - 10% - 6:04
Normal Defense
1 - 42% - 40% - 19:42
2 - 31% - 30% - 14:37
3 - 20% - 20% - 9:39
4 - 7% - 10% - 3:23
PP Forward
1 - 58% - 60% - 1:15
2 - 42% - 40% - 0:55
PP Defense
1 - 62% - 60% - 1:21
2 - 38% - 40% - 0:49
PK Forward
1 - 67% - 60% - 5:49
2 - 33% - 40% - 2:52
PK Defense
1 - 57% - 60% - 4:58
2 - 43% - 40% - 3:43
PK3 Forward
1 - 0% - 60%
2 - 0% - 40%
PK3 Defense
1 - 0% - 60%
2 - 0% - 40%
44 Forward
1 - 81% - 60% - 1:28
2 - 19% - 40% - 0:20
44 Defense
1 - 56% - 60% - 1:00
2 - 44% - 40% - 0:48
Last Minute Offensive  - 0:00
Last Minute Defensive  - 0:00
Total
Forward - 60:00
Defense - 60:00

Play-by-Play

1st period


0:01 of 1st period - Dylan Larkin wins face-off versus Cody Eakin in neutral zone.
0:04 of 1st period - Slapshot by Connor Brown.
0:04 of 1st period - Shot Misses the Net.
0:25 of 1st period - Minor Penalty to Philip Samuelsson for Interference.
0:26 of 1st period - T.J. Hensick wins face-off versus Jesse Puljujarvi in Red Wings zone.
0:26 of 1st period - T.J. Hensick is hit by Kevin Shattenkirk.
0:53 of 1st period - Tomas Nosek is hit by Marco Scandella and loses puck.
1:02 of 1st period - Slapshot by Brian Dumoulin.
1:02 of 1st period - Stopped by Alexandar Georgiev with a rebound.
1:31 of 1st period - Snap shot by Tye McGinn.
1:31 of 1st period - Stopped by Michal Neuvirth without a rebound.
1:32 of 1st period - Max Reinhart wins face-off versus Tomas Nosek in Ducks zone.
2:25 of 1st period - Penalty to Philip Samuelsson is over, Philip Samuelsson is back on ice.
3:38 of 1st period - Slapshot by Tomas Nosek.
3:38 of 1st period - Stopped by Alexandar Georgiev without a rebound.
3:39 of 1st period - Jesse Puljujarvi wins face-off versus Charlie Coyle in Red Wings zone.
3:48 of 1st period - Jesse Puljujarvi is hit by Marco Scandella and loses puck.
4:05 of 1st period - Ivan Provorov is hit by Nikita Zaitsev and loses puck.
5:20 of 1st period - Philip Samuelsson is hit by Jesse Puljujarvi and loses puck.
5:25 of 1st period - Snap shot by Cody Eakin.
5:25 of 1st period - Stopped by Alexandar Georgiev with a rebound.
5:27 of 1st period - Slapshot by Kevin Shattenkirk.
5:27 of 1st period - Stopped by Alexandar Georgiev without a rebound.
5:28 of 1st period - Charlie Coyle wins face-off versus Travis Zajac in Red Wings zone.
6:14 of 1st period - Snap shot by Kevin Shattenkirk.
6:14 of 1st period - Shot Blocked by Ivan Provorov.
6:16 of 1st period - Slapshot by Kevin Shattenkirk.
6:16 of 1st period - Stopped by Alexandar Georgiev with a rebound.
6:18 of 1st period - Slapshot by Kevin Shattenkirk.
6:18 of 1st period - Stopped by Alexandar Georgiev without a rebound.
6:19 of 1st period - Charlie Coyle wins face-off versus Kris Versteeg in Red Wings zone.
6:26 of 1st period - Backhand shot by Kris Versteeg.
6:26 of 1st period - Shot Misses the Net.
6:58 of 1st period - Slapshot by Kris Versteeg.
6:58 of 1st period - Stopped by Alexandar Georgiev with a rebound.
7:00 of 1st period - Snap shot by Jimmy Vesey.
7:00 of 1st period - Stopped by Alexandar Georgiev without a rebound.
7:01 of 1st period - T.J. Hensick wins face-off versus Cody Eakin in Red Wings zone.
7:03 of 1st period - Minor Penalty to Drew Fata for Hooking.
7:04 of 1st period - T.J. Hensick wins face-off versus Cody Eakin in Red Wings zone.
7:34 of 1st period - Slapshot by Brian Dumoulin.
7:34 of 1st period - Stopped by Alexandar Georgiev without a rebound.
7:35 of 1st period - Tomas Nosek wins face-off versus Max Reinhart in Red Wings zone.
7:48 of 1st period - Slapshot by Tomas Nosek.
7:48 of 1st period - Shot Blocked by Max Reinhart.
8:16 of 1st period - Slapshot by Carter Verhaeghe.
8:16 of 1st period - Stopped by Alexandar Georgiev without a rebound.
8:17 of 1st period - T.J. Hensick wins face-off versus Cody Eakin in Red Wings zone.
8:32 of 1st period - Snap shot by Cody Eakin.
8:32 of 1st period - Stopped by Alexandar Georgiev with a rebound.
8:34 of 1st period - Slapshot by Noah Hanifin.
8:34 of 1st period - Shot Misses the Net.
9:03 of 1st period - Penalty to Drew Fata is over, Drew Fata is back on ice.
9:07 of 1st period - Off-side.
9:08 of 1st period - Charlie Coyle wins face-off versus Travis Zajac in neutral zone.
9:11 of 1st period - Brian Dumoulin is hit by Danton Heinen and loses puck.
9:24 of 1st period - Wrist shot by Danton Heinen.
9:24 of 1st period - Deflect By Charlie Coyle.
9:24 of 1st period - Shot Blocked by Travis Zajac.
9:24 of 1st period - Puck is out of play.
9:25 of 1st period - T.J. Hensick wins face-off versus Cody Eakin in Ducks zone.
9:28 of 1st period - Slapshot by Colton Parayko.
9:28 of 1st period - Stopped by Michal Neuvirth with a rebound.
9:52 of 1st period - Colton Parayko is hit by Kris Versteeg and loses puck.
10:13 of 1st period - Kevin Shattenkirk is hit by Brendan Lemieux.
10:44 of 1st period - Carson Mcmillan is hit by Nikita Zaitsev and loses puck.
11:19 of 1st period - David Backes is hit by Kris Versteeg and loses puck.
11:40 of 1st period - Snap shot by Kevin Shattenkirk.
11:40 of 1st period - Deflect By Kris Versteeg.
11:40 of 1st period - Stopped by Alexandar Georgiev without a rebound.
11:41 of 1st period - Charlie Coyle wins face-off versus Cody Eakin in Red Wings zone.
12:08 of 1st period - Marco Scandella is hit by Marcus Kruger and loses puck.
12:31 of 1st period - Slapshot by Dylan Larkin.
12:31 of 1st period - Shot Misses the Net.
12:33 of 1st period - Snap shot by Brendan Lemieux.
12:33 of 1st period - Stopped by Michal Neuvirth without a rebound.
12:34 of 1st period - Cody Eakin wins face-off versus Dylan Larkin in Ducks zone.
12:39 of 1st period - Wrist shot by Dylan Larkin.
12:39 of 1st period - Shot Misses the Net.
12:41 of 1st period - Slapshot by Drew Fata.
12:41 of 1st period - Stopped by Michal Neuvirth with a rebound.
13:09 of 1st period - Backhand shot by Tomas Nosek.
13:09 of 1st period - Shot Blocked by Drew Fata.
13:20 of 1st period - Icing by Carter Verhaeghe.
13:21 of 1st period - Jake Virtanen wins face-off versus Travis Zajac in Ducks zone.
13:32 of 1st period - Wrist shot by Tye McGinn.
13:32 of 1st period - Deflect By T.J. Hensick.
13:32 of 1st period - Stopped by Michal Neuvirth without a rebound.
13:33 of 1st period - Cody Eakin wins face-off versus Charlie Coyle in Ducks zone.
13:33 of 1st period - Cody Eakin is hit by Colton Parayko.
13:46 of 1st period - Wrist shot by David Backes.
13:46 of 1st period - Stopped by Michal Neuvirth with a rebound.
13:48 of 1st period - Snap shot by David Backes.
13:48 of 1st period - Shot Blocked by Brian Dumoulin.
13:50 of 1st period - Slapshot by Philip Samuelsson.
13:50 of 1st period - Deflect By David Backes.
13:50 of 1st period - Shot Hit the Post.
13:50 of 1st period - Puck is out of play.
13:51 of 1st period - Dylan Larkin wins face-off versus Kris Versteeg in Ducks zone.
14:02 of 1st period - Wrist shot by Connor Brown.
14:02 of 1st period - Shot Misses the Net.
15:06 of 1st period - Snap shot by Noah Hanifin.
15:06 of 1st period - Stopped by Alexandar Georgiev with a rebound.
15:24 of 1st period - Justin Schultz is hit by Connor Brown and loses puck.
15:55 of 1st period - Johnny Gaudreau is hit by Colton Parayko and loses puck.
16:12 of 1st period - Wrist shot by Jake Virtanen.
16:12 of 1st period - Stopped by Michal Neuvirth with a rebound.
16:14 of 1st period - Slapshot by Tye McGinn.
16:14 of 1st period - Shot Misses the Net.
16:16 of 1st period - Slapshot by Colton Parayko.
16:16 of 1st period - Shot Blocked by Marcus Kruger.
16:34 of 1st period - Wrist shot by Dylan Larkin.
16:34 of 1st period - Goal by Dylan Larkin - Ducks : 0 - Red Wings : 1.
16:35 of 1st period - Charlie Coyle wins face-off versus Tomas Nosek in neutral zone.
16:46 of 1st period - Snap shot by David Backes.
16:46 of 1st period - Shot Blocked by Kevin Shattenkirk.
16:51 of 1st period - Off-side.
16:52 of 1st period - Cody Eakin wins face-off versus Dylan Larkin in neutral zone.
17:04 of 1st period - Wrist shot by Johnny Gaudreau.
17:04 of 1st period - Shot Misses the Net.
17:06 of 1st period - Snap shot by Jesse Puljujarvi.
17:06 of 1st period - Stopped by Alexandar Georgiev without a rebound.
17:07 of 1st period - Tomas Nosek wins face-off versus Charlie Coyle in Red Wings zone.
18:01 of 1st period - Kevin Shattenkirk is hit by Drew Fata and loses puck.
18:26 of 1st period - Slapshot by David Backes.
18:26 of 1st period - Goal by David Backes - Ducks : 0 - Red Wings : 2.
18:27 of 1st period - Dylan Larkin wins face-off versus Tomas Nosek in neutral zone.
18:30 of 1st period - Slapshot by Philip Samuelsson.
18:30 of 1st period - Stopped by Michal Neuvirth without a rebound.
18:31 of 1st period - Tomas Nosek wins face-off versus Dylan Larkin in Ducks zone.
19:13 of 1st period - Minor Penalty to T.J. Hensick for Interference.
19:14 of 1st period - Cody Eakin wins face-off versus Lucas Lessio in Red Wings zone.
19:17 of 1st period - Slapshot by Kevin Shattenkirk.
19:17 of 1st period - Goal by Kevin Shattenkirk - Ducks : 1 - Red Wings : 2.
19:18 of 1st period - Charlie Coyle wins face-off versus Tomas Nosek in neutral zone.
19:21 of 1st period - Wrist shot by Charlie Coyle.
19:21 of 1st period - Deflect By David Backes.
19:21 of 1st period - Shot Blocked by Kevin Shattenkirk.
19:21 of 1st period - Puck is out of play.
19:22 of 1st period - Charlie Coyle wins face-off versus Tomas Nosek in Ducks zone.
19:23 of 1st period - Slapshot by David Backes.
19:23 of 1st period - Shot Misses the Net.
19:25 of 1st period - Slapshot by Marco Scandella.
19:25 of 1st period - Deflect By David Backes.
19:25 of 1st period - Stopped by Michal Neuvirth without a rebound.
19:26 of 1st period - Tomas Nosek wins face-off versus Charlie Coyle in Ducks zone.
19:53 of 1st period - Snap shot by Tomas Nosek.
19:53 of 1st period - Stopped by Alexandar Georgiev without a rebound.
19:54 of 1st period - Dylan Larkin wins face-off versus Mike Richards in Red Wings zone.
Goals for this period are 1 for Ducks vs 2 for Red Wings.
Shots for this period are 16 for Ducks vs 11 for Red Wings.

2nd period


0:01 of 2nd period - Dylan Larkin wins face-off versus Cody Eakin in neutral zone.
0:08 of 2nd period - Brian Dumoulin is hit by Roland McKeown and loses puck.
1:35 of 2nd period - Kevin Shattenkirk is hit by Danton Heinen.
1:47 of 2nd period - Snap shot by Marcus Kruger.
1:47 of 2nd period - Deflect By Philip Samuelsson.
1:47 of 2nd period - Stopped by Alexandar Georgiev without a rebound.
1:48 of 2nd period - Dylan Larkin wins face-off versus Tomas Nosek in Red Wings zone.
1:48 of 2nd period - Dylan Larkin is hit by Tomas Nosek.
2:18 of 2nd period - Slapshot by Noah Hanifin.
2:18 of 2nd period - Stopped by Alexandar Georgiev without a rebound.
2:19 of 2nd period - Cody Eakin wins face-off versus Max Reinhart in Red Wings zone.
2:22 of 2nd period - Snap shot by Cody Eakin.
2:22 of 2nd period - Stopped by Alexandar Georgiev without a rebound.
2:23 of 2nd period - Dylan Larkin wins face-off versus Cody Eakin in Red Wings zone.
2:52 of 2nd period - T.J. Hensick is hit by Jimmy Vesey and loses puck.
3:15 of 2nd period - Slapshot by Kyle Okposo.
3:15 of 2nd period - Stopped by Alexandar Georgiev with a rebound.
3:23 of 2nd period - Snap shot by Travis Zajac.
3:23 of 2nd period - Shot Misses the Net.
3:39 of 2nd period - Snap shot by Danton Heinen.
3:39 of 2nd period - Shot Misses the Net.
3:41 of 2nd period - Slapshot by Marco Scandella.
3:41 of 2nd period - Shot Misses the Net.
3:43 of 2nd period - Slapshot by Marco Scandella.
3:43 of 2nd period - Shot Blocked by Marcus Kruger.
3:45 of 2nd period - Wrist shot by Danton Heinen.
3:45 of 2nd period - Deflect By David Backes.
3:45 of 2nd period - Stopped by Michal Neuvirth with a rebound.
3:57 of 2nd period - Wrist shot by Johnny Gaudreau.
3:57 of 2nd period - Deflect By Cody Eakin.
3:57 of 2nd period - Deflect By Connor Brown.
3:57 of 2nd period - Stopped by Alexandar Georgiev without a rebound.
3:58 of 2nd period - Dylan Larkin wins face-off versus Cody Eakin in Red Wings zone.
3:58 of 2nd period - Dylan Larkin is hit by Brian Dumoulin.
4:01 of 2nd period - Minor Penalty to Brendan Lemieux for Tripping.
4:02 of 2nd period - Cody Eakin wins face-off versus T.J. Hensick in Red Wings zone.
4:54 of 2nd period - Carson Mcmillan is hit by Brian Dumoulin and loses puck.
6:01 of 2nd period - Penalty to Brendan Lemieux is over, Brendan Lemieux is back on ice.
6:07 of 2nd period - Snap shot by Dylan Larkin.
6:07 of 2nd period - Deflect By Brendan Lemieux.
6:07 of 2nd period - Shot Misses the Net.
6:07 of 2nd period - Puck is out of play.
6:08 of 2nd period - Travis Zajac wins face-off versus Dylan Larkin in Ducks zone.
6:21 of 2nd period - Slapshot by Travis Zajac.
6:21 of 2nd period - Stopped by Alexandar Georgiev without a rebound.
6:22 of 2nd period - Charlie Coyle wins face-off versus Tomas Nosek in Red Wings zone.
7:18 of 2nd period - Slapshot by T.J. Hensick.
7:18 of 2nd period - Stopped by Michal Neuvirth with a rebound.
7:20 of 2nd period - Snap shot by Tye McGinn.
7:20 of 2nd period - Deflect By Marcus Kruger.
7:20 of 2nd period - Shot Misses the Net.
7:20 of 2nd period - Puck is out of play.
7:21 of 2nd period - Jake Virtanen wins face-off versus Tomas Nosek in Ducks zone.
7:28 of 2nd period - Snap shot by Jake Virtanen.
7:28 of 2nd period - Stopped by Michal Neuvirth without a rebound.
7:29 of 2nd period - Tomas Nosek wins face-off versus Charlie Coyle in Ducks zone.
7:31 of 2nd period - Icing by Kris Versteeg.
7:32 of 2nd period - Charlie Coyle wins face-off versus Tomas Nosek in Ducks zone.
7:43 of 2nd period - Slapshot by David Backes.
7:43 of 2nd period - Stopped by Michal Neuvirth with a rebound.
8:05 of 2nd period - Icing by Justin Schultz.
8:06 of 2nd period - Tomas Nosek wins face-off versus Dylan Larkin in Ducks zone.
8:11 of 2nd period - Slapshot by Justin Schultz.
8:11 of 2nd period - Stopped by Alexandar Georgiev with a rebound.
8:42 of 2nd period - Slapshot by Brian Dumoulin.
8:42 of 2nd period - Deflect By Jimmy Vesey.
8:42 of 2nd period - Stopped by Alexandar Georgiev without a rebound.
8:43 of 2nd period - Cody Eakin wins face-off versus Charlie Coyle in Red Wings zone.
8:58 of 2nd period - Danton Heinen is hit by Johnny Gaudreau and loses puck.
9:09 of 2nd period - Philip Samuelsson is hit by Carter Verhaeghe and loses puck.
9:35 of 2nd period - Off-side.
9:36 of 2nd period - Charlie Coyle wins face-off versus Cody Eakin in neutral zone.
9:41 of 2nd period - Wrist shot by Charlie Coyle.
9:41 of 2nd period - Shot Misses the Net.
9:43 of 2nd period - Wrist shot by Charlie Coyle.
9:43 of 2nd period - Shot Misses the Net.
9:44 of 2nd period - Minor Penalty to Charlie Coyle for Tripping.
9:45 of 2nd period - T.J. Hensick wins face-off versus Cody Eakin in Red Wings zone.
9:55 of 2nd period - Minor Penalty to Johnny Gaudreau for Roughing.
9:56 of 2nd period - Travis Zajac wins face-off versus Dylan Larkin in Ducks zone.
10:02 of 2nd period - Snap shot by Cody Eakin.
10:02 of 2nd period - Stopped by Alexandar Georgiev with a rebound.
10:54 of 2nd period - Snap shot by T.J. Hensick.
10:54 of 2nd period - Shot Misses the Net.
11:30 of 2nd period - Wrist shot by Brendan Lemieux.
11:30 of 2nd period - Shot Misses the Net.
11:44 of 2nd period - Penalty to Charlie Coyle is over, Charlie Coyle is back on ice.
11:55 of 2nd period - Penalty to Johnny Gaudreau is over, Johnny Gaudreau is back on ice.
12:37 of 2nd period - Slapshot by Dylan Larkin.
12:37 of 2nd period - Stopped by Michal Neuvirth with a rebound.
13:29 of 2nd period - Slapshot by Sam Gagner.
13:29 of 2nd period - Deflect By Johnny Gaudreau.
13:29 of 2nd period - Shot Misses the Net.
13:29 of 2nd period - Puck is out of play.
13:30 of 2nd period - Tomas Nosek wins face-off versus T.J. Hensick in Red Wings zone.
14:01 of 2nd period - Wrist shot by Carter Verhaeghe.
14:01 of 2nd period - Shot Misses the Net.
14:22 of 2nd period - Backhand shot by T.J. Hensick.
14:22 of 2nd period - Shot Misses the Net.
14:55 of 2nd period - Slapshot by Tye McGinn.
14:55 of 2nd period - Stopped by Michal Neuvirth without a rebound.
14:56 of 2nd period - Tomas Nosek wins face-off versus Lucas Lessio in Ducks zone.
15:42 of 2nd period - Icing by Kyle Okposo.
15:43 of 2nd period - Max Reinhart wins face-off versus Travis Zajac in Ducks zone.
15:48 of 2nd period - Wrist shot by David Backes.
15:48 of 2nd period - Stopped by Michal Neuvirth without a rebound.
15:49 of 2nd period - Charlie Coyle wins face-off versus Tomas Nosek in Ducks zone.
16:31 of 2nd period - Johnny Gaudreau is hit by Drew Fata and loses puck.
16:50 of 2nd period - Snap shot by Danton Heinen.
16:50 of 2nd period - Shot Misses the Net.
17:25 of 2nd period - Snap shot by Max Reinhart.
17:25 of 2nd period - Shot Misses the Net.
18:07 of 2nd period - Snap shot by Brendan Lemieux.
18:07 of 2nd period - Stopped by Michal Neuvirth without a rebound.
18:08 of 2nd period - Tomas Nosek wins face-off versus Charlie Coyle in Ducks zone.
18:15 of 2nd period - Snap shot by Tomas Nosek.
18:15 of 2nd period - Shot Misses the Net.
18:17 of 2nd period - Slapshot by Chris Bigras.
18:17 of 2nd period - Shot Blocked by Marco Scandella.
18:35 of 2nd period - Chris Bigras is hit by Tye McGinn and loses puck.
18:40 of 2nd period - Slapshot by Tye McGinn.
18:40 of 2nd period - Shot Misses the Net.
18:42 of 2nd period - Wrist shot by Tye McGinn.
18:42 of 2nd period - Goal by Tye McGinn - Ducks : 1 - Red Wings : 3.
18:43 of 2nd period - Charlie Coyle wins face-off versus Cody Eakin in neutral zone.
18:46 of 2nd period - Slapshot by Colton Parayko.
18:46 of 2nd period - Shot Hit the Post.
Goals for this period are 0 for Ducks vs 1 for Red Wings.
Shots for this period are 9 for Ducks vs 9 for Red Wings.

3rd period


0:01 of 3rd period - Danton Heinen wins face-off versus Cody Eakin in neutral zone.
0:49 of 3rd period - Off-side.
0:50 of 3rd period - T.J. Hensick wins face-off versus Mike Richards in neutral zone.
0:55 of 3rd period - Carter Verhaeghe is hit by Jake Virtanen and loses puck.
1:04 of 3rd period - Wrist shot by Marcus Kruger.
1:04 of 3rd period - Shot Misses the Net.
1:06 of 3rd period - Snap shot by Mike Richards.
1:06 of 3rd period - Stopped by Alexandar Georgiev with a rebound.
1:29 of 3rd period - Snap shot by Charlie Coyle.
1:29 of 3rd period - Shot Misses the Net.
1:51 of 3rd period - Jimmy Vesey is hit by Drew Fata and loses puck.
2:01 of 3rd period - Icing by Nikita Zaitsev.
2:02 of 3rd period - Max Reinhart wins face-off versus Travis Zajac in Ducks zone.
2:35 of 3rd period - Wrist shot by Sam Gagner.
2:35 of 3rd period - Shot Misses the Net.
2:59 of 3rd period - Snap shot by Sam Gagner.
2:59 of 3rd period - Stopped by Alexandar Georgiev with a rebound.
3:24 of 3rd period - Icing by Kyle Okposo.
3:25 of 3rd period - Travis Zajac wins face-off versus Charlie Coyle in Ducks zone.
3:25 of 3rd period - Travis Zajac is hit by Ivan Provorov.
3:43 of 3rd period - Nikita Zaitsev is hit by David Backes and loses puck.
4:39 of 3rd period - Minor Penalty to Tye McGinn for Interference.
4:40 of 3rd period - Cody Eakin wins face-off versus T.J. Hensick in Red Wings zone.
4:46 of 3rd period - Slapshot by Jesse Puljujarvi.
4:46 of 3rd period - Shot Blocked by Colton Parayko.
4:48 of 3rd period - Wrist shot by Jesse Puljujarvi.
4:48 of 3rd period - Shot Misses the Net.
6:01 of 3rd period - Marcus Kruger is hit by Brendan Lemieux and loses puck.
6:38 of 3rd period - Charlie Coyle is hit by Brian Dumoulin and loses puck.
6:39 of 3rd period - Penalty to Tye McGinn is over, Tye McGinn is back on ice.
7:07 of 3rd period - Wrist shot by Connor Brown.
7:07 of 3rd period - Stopped by Michal Neuvirth with a rebound.
7:33 of 3rd period - Snap shot by Max Reinhart.
7:33 of 3rd period - Deflect By Carson Mcmillan.
7:33 of 3rd period - Stopped by Michal Neuvirth without a rebound.
7:34 of 3rd period - Max Reinhart wins face-off versus Tomas Nosek in Ducks zone.
7:53 of 3rd period - Snap shot by Cody Eakin.
7:53 of 3rd period - Deflect By Johnny Gaudreau.
7:53 of 3rd period - Shot Misses the Net.
7:53 of 3rd period - Puck is out of play.
7:54 of 3rd period - Charlie Coyle wins face-off versus Johnny Gaudreau in Red Wings zone.
8:21 of 3rd period - Jake Virtanen is hit by Chris Bigras and loses puck.
8:39 of 3rd period - Icing by T.J. Hensick.
8:40 of 3rd period - T.J. Hensick wins face-off versus Tomas Nosek in Red Wings zone.
9:51 of 3rd period - Icing by Roland McKeown.
9:52 of 3rd period - T.J. Hensick wins face-off versus Tomas Nosek in Red Wings zone.
9:58 of 3rd period - Minor Penalty to Danton Heinen for Hooking.
9:59 of 3rd period - T.J. Hensick wins face-off versus Jesse Puljujarvi in Red Wings zone.
10:28 of 3rd period - Slapshot by Kevin Shattenkirk.
10:28 of 3rd period - Deflect By Marcus Kruger.
10:28 of 3rd period - Goal by Marcus Kruger - Ducks : 2 - Red Wings : 3.
10:29 of 3rd period - David Backes wins face-off versus Cody Eakin in neutral zone.
10:31 of 3rd period - Colton Parayko is hit by Kevin Shattenkirk and loses puck.
10:50 of 3rd period - Colton Parayko is hit by Jesse Puljujarvi and loses puck.
11:13 of 3rd period - Snap shot by Dylan Larkin.
11:13 of 3rd period - Stopped by Michal Neuvirth without a rebound.
11:14 of 3rd period - Mike Richards wins face-off versus T.J. Hensick in Ducks zone.
12:48 of 3rd period - Charlie Coyle is hit by Sam Gagner and loses puck.
13:31 of 3rd period - Snap shot by Jake Virtanen.
13:31 of 3rd period - Stopped by Michal Neuvirth with a rebound.
13:37 of 3rd period - Snap shot by Jimmy Vesey.
13:37 of 3rd period - Shot Misses the Net.
14:10 of 3rd period - Icing by Mike Richards.
14:11 of 3rd period - Danton Heinen wins face-off versus Mike Richards in Ducks zone.
14:12 of 3rd period - Slapshot by Charlie Coyle.
14:12 of 3rd period - Stopped by Michal Neuvirth with a rebound.
14:14 of 3rd period - Snap shot by Ivan Provorov.
14:14 of 3rd period - Stopped by Michal Neuvirth with a rebound.
14:40 of 3rd period - Wrist shot by Brendan Lemieux.
14:40 of 3rd period - Stopped by Michal Neuvirth without a rebound.
14:41 of 3rd period - Cody Eakin wins face-off versus Dylan Larkin in Ducks zone.
15:06 of 3rd period - Snap shot by Brendan Lemieux.
15:06 of 3rd period - Shot Misses the Net.
15:14 of 3rd period - Snap shot by Dylan Larkin.
15:14 of 3rd period - Goal by Dylan Larkin - Ducks : 2 - Red Wings : 4.
15:15 of 3rd period - T.J. Hensick wins face-off versus Mike Richards in neutral zone.
15:40 of 3rd period - Brian Dumoulin is hit by Brendan Lemieux and loses puck.
15:47 of 3rd period - Wrist shot by Dylan Larkin.
15:47 of 3rd period - Stopped by Michal Neuvirth with a rebound.
15:59 of 3rd period - Minor Penalty to Cody Eakin for Cross-checking.
16:00 of 3rd period - Johnny Gaudreau wins face-off versus Brendan Lemieux in Ducks zone.
16:11 of 3rd period - Brian Dumoulin is hit by Connor Brown and loses puck.
17:59 of 3rd period - Penalty to Cody Eakin is over, Cody Eakin is back on ice.
Goals for this period are 1 for Ducks vs 1 for Red Wings.
Shots for this period are 3 for Ducks vs 9 for Red Wings. Output by the SimonT Hockey Simulator (STHS) for Francois Prevost - Original Page W3C HTML5 Valid
Hockey Simulator - Hockey Simulation - Hockey Manager